 Dungeon Crawl Stone Soup version 0.31-a0-845-g9abc20d24f (webtiles) character file.

Game seed: 5190832859930345327

266 Nedwor the Slasher (level 6, 0/48 HPs)
             Began as a Merfolk Gladiator on Oct 2, 2023.
             Slain by Blork the orc
             ... wielding a +1 flail of venom
              (4 damage)
             ... on level 4 of the Dungeon.
             The game lasted 00:04:43 (3055 turns).

Nedwor the Slasher (Merfolk Gladiator)              Turns: 3055, Time: 00:04:44

Health: 0/48       AC:  6    Str: 15    XL:     6   Next: 20%
Magic:  6/6        EV: 14    Int:  7    God:
Gold:   291        SH:  0    Dex: 17    Spells: 5/5 levels left

rFire   . . .        a - +0 long sword (chaos)
rCold   . . .        (no shield)
rNeg    . . .        b - +0 leather armour
rPois   .            c - +1 helmet
rElec   .            (no cloak)
rCorr   .            (no gloves)
SInv    .            h - +0 pair of boots
Will    .....        (no amulet)
Stlth   +            (no ring)
HPRegen 0.28/turn    (no ring)
MPRegen 0.10/turn

%: no passive effects
@: lethally poisoned (0 -> -27)
A: (nimble swimmer 2), mertail
a: no special abilities


You were on level 4 of the Dungeon.
You visited 1 branch of the dungeon, and saw 4 of its levels.

You collected 291 gold pieces.

Inventory:

Hand Weapons
 a - a +0 long sword of chaos (weapon)
Missiles
 d - 3 throwing nets (quivered)
 e - a javelin
Armour
 b - a +0 leather armour (worn)
 c - a +1 helmet (worn)
 h - a +0 pair of boots (worn)
Wands
 p - a wand of light (7)
Scrolls
 g - 2 scrolls of enchant armour
Potions
 f - a potion of ambrosia {unknown}
 i - 3 potions of attraction
 j - 2 potions of enlightenment {unknown}
 k - 2 potions of curing
 l - a potion of lignification
 m - a potion of heal wounds {unknown}
 n - a potion of invisibility {unknown}
 r - a potion of degeneration {unknown}


   Skills:
 + Level 3.9 Fighting
 * Level 6.3 Long Blades
 - Level 2.0 Throwing
 + Level 5.5 Dodging


You had 5 spell levels left.
You didn't know any spells.
Your spell library contained the following spells:

 Spells                   Type           Power      Damage    Failure   Level
 Apportation              Tloc           0%         N/A       50%         1
 Foxfire                  Conj/Fire      0%         2x1d4     50%         1
 Ensorcelled Hibernation  Hex/Ice        0%         N/A       65%         2
 Momentum Strike          Conj/Tloc      0%         3d8       65%         2
 Passwall                 Tmut/Erth      0%         N/A       65%         2
 Gell's Gravitas          Tloc           0%         N/A       86%         3
 Swiftness                Air            0%         N/A       86%         3
 Summon Ice Beast         Ice/Summ       0%         N/A       99%         4
 Summon Forest            Summ/Tloc      0%         N/A       100%        5
 Summon Mana Viper        Hex/Summ       0%         N/A       100%        5
 Plasma Beam              Fire/Air       0%         2x1d10    100%        6
 Starburst                Conj/Fire      0%         6d3       100%        6
 Summon Cactus Giant      Summ           0%         N/A       100%        6


Dungeon Overview and Level Annotations

Branches:
Dungeon (4/15)
 Temple: D:4-7

Altars:
Wu Jian

Annotations:
D:4 3 runed translucent doors, Blork the orc; Ijustatesigmund's ghost, novice DEFE


Innate Abilities, Weirdness & Mutations

((You are very nimble when in or above water. (Stealth+, EV+, Speed+++)))
Your lower body shifts to a powerful aquatic tail in water.


Message History

You slash the dart slug!
You kill the dart slug!
Blork the orc hits you but does no damage.
You are poisoned.
Blork the orc is nearby!
Blork the orc is nearby!
Blork the orc is nearby!
You hit Blork the orc but do no damage.
You feel very sick.
Blork the orc hits you but does no damage.
You are more poisoned.
Blork the orc casts a spell at you. The magic dart hits you!
You hit Blork the orc.
Blork the orc's magic leaks into the air.
Blork the orc is lightly wounded.
You feel very sick.
Blork the orc screams, "I'll break your arms!"
Blork the orc hits you but does no damage.
You are more poisoned.
Blork the orc points at you and mumbles some strange words.
The magic dart hits you.
You closely miss Blork the orc.
Blork the orc is lightly wounded.
You feel very sick.
Blork the orc's magic is no longer disrupted.
Blork the orc looks angry.
Blork the orc hits you with a +1 flail of venom!
* * * LOW HITPOINT WARNING * * *
You are lethally poisoned!
You hit Blork the orc.
Blork the orc is lightly wounded.
* * * LOW HITPOINT WARNING * * *
You feel very sick.
Blork the orc hits you with a +1 flail of venom.
* * * LOW HITPOINT WARNING * * *
You are more poisoned.
Blork the orc frowns.
Blork the orc hits you with a +1 flail of venom.
You die...

***,,...#...####..#,,#....
*...#*...#..#..#..##+#....
*....#*.....#.()..........
*.....##...#**##..........
*.......#..#,,#...####....
*..........#,,#.⌠.#,,#....
*#.........#,,#...+,,#....
#.........#+##..##**#....
*#......@o......+,,,#....
##...###.......#,,,#....
###** #.####..#,,,*....
#.#,,+..#****....
***#.#,,#...#,,*,...
****,,..#**#..P+,,*,,,*
**,,,,,...,,...P#***,***
**,,,,,....,,,....,,,,*
*,,,,,,....,,,,,,******


You could see Blork the orc (fast).

Vanquished Creatures
  2 scorpions
  A sleepcap (D:4)
  3 adders
  An ufetubus (D:4)
  2 worms
  5 dart slugs
  5 orcs (D:3)
  8 ball pythons
  8 endoplasms
  4 giant cockroaches
  5 hobgoblins
  6 jackals (D:4)
  2 quokkas
  3 frilled lizards
  4 goblins
  11 kobolds
  2 rats
72 creatures vanquished.

Notes
Turn   | Place    | Note
-------+----------+-------------------------------------------
     0 | D:1      | Nedwor the Merfolk Gladiator began the quest for the Orb.
     0 | D:1      | Reached XP level 1. HP: 16/16 MP: 1/1
   187 | D:1      | Reached skill level 4 in Long Blades
   187 | D:1      | Reached XP level 2. HP: 21/23 MP: 2/2
   456 | D:1      | Reached XP level 3. HP: 28/28 MP: 3/3
   895 | D:2      | Reached XP level 4. HP: 34/34 MP: 4/4
  1551 | D:3      | Reached skill level 5 in Long Blades
  1714 | D:3      | Got a worn book
  2119 | D:4      | Noticed Blork the orc
  2119 | D:4      | Noticed a scorpion
  2133 | D:3      | Killed a scorpion
  2134 | D:3      | Reached skill level 5 in Dodging
  2134 | D:3      | Reached XP level 5. HP: 17/41 MP: 5/5
  2275 | D:4      | Reached skill level 6 in Long Blades
  2532 | D:4      | Found an ornate altar of the Wu Jian Council.
  2545 | D:4      | Reached XP level 6. HP: 20/48 MP: 6/6
  2907 | D:4      | Noticed Ijustatesigmund's ghost (novice DEFE)
  2911 | D:4      | Found a runed translucent gate.
  2911 | D:4      | Found a runed translucent gate.
  2912 | D:4      | Found a runed translucent gate.
  3055 | D:4      | Slain by Blork the orc

Illustrated notes

Levels and vault maps discovered:
D:1:      minmay_arrival_jagged, layout_rooms
D:2:      layout_basic, fountainhead, chequers_serial_rivers_micro_e,
          minmay_3d_cube
D:3:      layout_basic
D:4:      corexii_shack_village, layout_cave_pods, nicolae_wu_jian_wuxing_cycle,
          mainiacjoe_overflow_concentric_impassable,
          gammafunk_ghost_nasty_kobolds, uniq_blork_the_orc

Skill      XL: |  1  2  3  4  5 |
---------------+----------------+-----
Long Blades    | 4 5 6 |  6.3
Fighting       | 3 |  3.9
Dodging        | 5 |  5.5
Throwing       | |  2.0

Action                     |  1- 3 |  4- 6 || total
---------------------------+-------+-------++-------
  Melee: Long sword        |    93 |   103 ||   196
         Punch             |       |     2 ||     2
    Use: Scroll            |       |    11 ||    11
   Stab: Sleeping          |     2 |     3 ||     5
 Armour: Leather armour    |    45 |    44 ||    89
  Dodge: Dodged            |    63 |    61 ||   124

Table legend: (Time is in decaauts)
 A = Elapsed time spent in this place.
 B = Non-inter-level travel time spent in this place.
 C = Inter-level travel time spent in this place.
 D = Time resting spent in this place.
 E = Time spent auto-exploring this place.
 F = Levels seen in this place.
 G = Mean time per level.
                   A        B        C        D        E       F      G
               +--------+--------+--------+--------+--------+-----+--------+
         Total |   3083 |   3011 |     72 |    578 |   1934 |   4 |  770.8 |
       Dungeon |   3083 |   3011 |     72 |    578 |   1934 |   4 |  770.8 |
               +--------+--------+--------+--------+--------+-----+--------+

Top non-repeatable levels by time:
     D:2: 861 daAuts
     D:3: 828 daAuts
     D:4: 796 daAuts
     D:1: 597 daAuts
